 Dungeon Crawl Stone Soup version 0.28-a0-1638-g9123634e07 (webtiles) character file.

Game seed: 1636580530885675143

1427 bladeefan the Cleaver (level 8, -2/71 HPs)
             Began as a Minotaur Chaos Knight on Jan 25, 2022.
             Was a Plaything of Xom.
             Slain by a gnoll sergeant (7 damage)
             ... on level 6 of the Dungeon.
             The game lasted 00:08:25 (5929 turns).

bladeefan the Cleaver (Minotaur Chaos Knight)       Turns: 5929, Time: 00:08:25

Health: -2/71      AC:  5    Str: 20    XL:     8   Next: 44%
Magic:  7/7        EV: 12    Int:  9    God:    Xom [..*...]
Gold:   232        SH:  0    Dex:  7    Spells: 7/7 levels left

rFire   + . .      SeeInvis .   h - +1 war axe
rCold   . . .      Faith    .   (no shield)
rNeg    . . .      Spirit   .   l - +2 leather armour "Qiotuum" {rElec rF+}
rPois   .          Reflect  .   (helmet restricted)
rElec   +          Harm     .   (no cloak)
rCorr   .          Rampage  .   (no gloves)
Will    +....                   (no boots)
Stlth   +.........              (no amulet)
HPRegen 0.21/turn               g - ring of willpower
MPRegen 0.10/turn               (no ring)

@: unable to read
A: horns 2, retaliatory headbutt, talons 1, clumsy 1, deterioration 1, inability
to read while threatened
a: Renounce Religion


You were on level 6 of the Dungeon.
You worshipped Xom.
You were a toy of Xom.
You visited 1 branch of the dungeon, and saw 6 of its levels.

You collected 232 gold pieces.

Inventory:

Hand Weapons
 h - a +1 war axe (weapon)
   (You found it on level 4 of the Dungeon)
Armour
 l - the +2 leather armour "Qiotuum" (worn) {rElec rF+}
   (You found it on level 5 of the Dungeon)

   rF:        It protects you from fire.
   rElec:     It insulates you from electricity.
Jewellery
 g - a ring of willpower (left hand)
   (You found it on level 5 of the Dungeon)
Wands
 d - a wand of mindburst (8)
   (You took it off Ijyb on level 4 of the Dungeon)
Scrolls
 c - 3 scrolls of teleportation {@r4}
 m - a scroll of identify {@r1}
Potions
 a - a potion of magic {unknown}
 b - a potion of haste {unknown}
 e - a potion of invisibility
 f - a potion of attraction {unknown}
 i - a potion of curing {unknown}
 j - 2 potions of heal wounds {@q2}
 k - a potion of flight {unknown}


   Skills:
 + Level 6.6 Fighting
 * Level 8.8 Axes
 + Level 6.0 Armour
 + Level 5.1 Dodging


You had 7 spell levels left.
You didn't know any spells.
Your spell library contained the following spells:

 Spells                   Type           Power      Damage    Failure   Level
 Apportation              Tloc           0%         N/A       43%         1
 Sting                    Tmut/Pois      0%         1d3       43%         1
 Poisonous Vapours        Pois/Air       0%         N/A       56%         2
 Olgreb's Toxic Radiance  Pois           0%         N/A       99%         4
 Alistair's Intoxication  Tmut/Pois      0%         N/A       100%        5


Dungeon Overview and Level Annotations

Branches:
Dungeon (6/15)             Temple (0/1) D:4

Altars:
Ashenzari
Nemelex Xobeh
Ru
Yredelemnul

Shops:
D:1 (   D:2 (   D:4 ?

Annotations:
D:4 2 transporters, jr88keys's ghost, amateur NaFi


Innate Abilities, Weirdness & Mutations

You have a pair of horns on your head.
You reflexively headbutt those who attack you in melee.
You have sharp toenails.
You are clumsy. (Dex -2)
Your body sometimes deteriorates upon taking damage.
You sometimes lose the ability to read scrolls when taking damage.


Message History

There are monsters nearby!
The centaur zombie hits you but does no damage.
The centaur zombie barely misses you.
There is a large open door here.
You hit the centaur zombie.
The centaur zombie hits you but does no damage.
The centaur zombie closely misses you. The gnoll sergeant closely misses you.
You hit the centaur zombie. You headbutt the centaur zombie.
The centaur zombie completely misses you.
The centaur zombie misses you.
The gnoll sergeant hits you from afar with a +0 trident!
You hit the centaur zombie. The centaur zombie hits you.
The centaur zombie kicks you but does no damage.
The gnoll sergeant hits you from afar with a +0 trident!
The centaur zombie misses you. The centaur zombie barely misses you.
You slash the centaur zombie!
The centaur zombie hits you but does no damage.
The centaur zombie kicks you but does no damage.
The gnoll sergeant hits you from afar with a +0 trident.
You slash the centaur zombie!
You destroy the centaur zombie!
The gnoll sergeant hits you from afar with a +0 trident!
You feel threatened and lose the ability to read scrolls!
The gnoll sergeant hits you with a +0 trident.
* * * LOW HITPOINT WARNING * * *
You hit the gnoll sergeant. Your kick misses the gnoll sergeant.
The gnoll sergeant blocks your attack.
The gnoll sergeant hits you with a +0 trident!
* * * LOW HITPOINT WARNING * * *
You hit the gnoll sergeant but do no damage.
The gnoll sergeant hits you with a +0 trident.
* * * LOW HITPOINT WARNING * * *
You barely miss the gnoll sergeant. Your kick misses the gnoll sergeant.
Your headbutt misses the gnoll sergeant.
The gnoll sergeant hits you with a +0 trident!
* * * LOW HITPOINT WARNING * * *
You slash the gnoll sergeant!
You claw the gnoll sergeant, but do no damage.
The gnoll sergeant misses you.
Unknown command.
You barely miss the gnoll sergeant. You claw the gnoll sergeant.
The gnoll sergeant hits you with a +0 trident.
* * * LOW HITPOINT WARNING * * *
You barely miss the gnoll sergeant.
You claw the gnoll sergeant, but do no damage.
Your headbutt misses the gnoll sergeant.
The gnoll sergeant hits you with a +0 trident.
* * * LOW HITPOINT WARNING * * *
The gnoll sergeant hits you with a +0 trident!
You die...

#≈≈ ##..# ≈≈≈##...#
≈≈##....################
##.....#...............
##..$...#...............
#.......#...............
.......g#...............
.......@#...####........
######''#...# #........
#..........# #........
.....)#.....# ######'#.
##....#.....# #......#.
#....#.....# #......#.
#... #.....# ##.....#.
+... #.....# #.....#.
### #.....+ #####'##.


You could see a gnoll sergeant.

Vanquished Creatures
  Grinder (D:4)
  2 sky beasts (D:6)
  2 ice beasts (D:6)
  A hornet zombie (D:6)
  A centaur (D:5)
  A bullfrog (D:4)
  2 scorpions
  A water moccasin skeleton (D:5)
  A howler monkey (D:4)
  A centaur zombie (D:6)
  A hound (D:5)
  An orc wizard (D:3)
  Ijyb (D:4)
  2 scorpion zombies
  A hound zombie (D:5)
  6 adders
  A white imp (D:5)
  7 worms
  3 dart slugs
  3 orcs (D:3)
  6 ball pythons
  9 endoplasms
  3 giant cockroaches
  9 goblins
  6 hobgoblins
  6 jackals
  2 quokkas
  7 bats
  3 frilled lizards
  8 kobolds
  5 rats
103 creatures vanquished.

Vanquished Creatures (collateral kills)
  A black bear (D:6)
1 creature vanquished.

Vanquished Creatures (others)
  3 plants (D:4)
3 creatures vanquished.

Grand Total: 107 creatures vanquished

Notes
Turn   | Place    | Note
-------+----------+-------------------------------------------
     0 | D:1      | bladeefan the Minotaur Chaos Knight began the quest for the
                  | Orb.
     0 | D:1      | Reached XP level 1. HP: 19/19 MP: 0/0
    42 | D:1      | Found Fikijees's Weapon Boutique.
    62 | D:1      | Reached XP level 2. HP: 27/27 MP: 1/1
   105 | D:1      | XOM: divination: detect items
   111 | D:1      | Reached skill level 4 in Axes
   330 | D:1      | XOM: cloud trail
   639 | D:1      | XOM: divination: detect creatures
   686 | D:1      | Reached XP level 3. HP: 33/33 MP: 2/2
  1028 | D:2      | XOM: silly message
  1139 | D:2      | You fall into a shaft and drop 2 floors!
  1151 | D:4      | XOM: noise
  1317 | D:3      | Reached XP level 4. HP: 36/40 MP: 3/3
  1416 | D:3      | XOM: cloud trail
  1486 | D:3      | XOM: divination: detect items
  1601 | D:3      | Found a sacrificial altar of Ru.
  1623 | D:3      | Reached skill level 5 in Axes
  1685 | D:3      | XOM: noise
  1691 | D:3      | HP: 2/41 [something (1)]
  1696 | D:3      | XOM: fake destruction
  1701 | D:3      | Found a broken altar of Ashenzari.
  1794 | D:4      | Noticed Ijyb
  1806 | D:3      | HP: 2/41 [frozen (5)]
  1862 | D:3      | XOM: summons 1 hostile demon
  1900 | D:3      | XOM: cloud trail
  2261 | D:3      | Reached XP level 5. HP: 10/47 MP: 4/4
  2373 | D:3      | XOM: 1-stop teleportation journey
  2660 | D:2      | Found Ketorael's Antique Weapon Shoppe.
  3388 | D:4      | Killed Ijyb
  3492 | D:4      | Reached XP level 6. HP: 41/55 MP: 5/5
  3514 | D:4      | Reached skill level 6 in Axes
  3732 | D:4      | Found a staircase to the Ecumenical Temple.
  3739 | D:4      | Reached skill level 5 in Fighting
  3847 | D:4      | Found a transporter.
  3848 | D:4      | Noticed jr88keys's ghost (amateur NaFi)
  3869 | D:4      | Found a transporter.
  4022 | D:4      | Noticed Grinder
  4029 | D:4      | Killed Grinder
  4030 | D:4      | Reached XP level 7. HP: 33/61 MP: 6/6
  4219 | D:4      | Found Ahyile Liusch's Magic Scroll Shop.
  4230 | D:4      | Found a basalt altar of Yredelemnul.
  4519 | D:5      | Entered Level 5 of the Dungeon
  4533 | D:5      | Reached skill level 7 in Axes
  4533 | D:5      | XOM: smoke on damage
  4672 | D:5      | XOM: divination: magic mapping
  4830 | D:5      | Found a sparkling altar of Nemelex Xobeh.
  4837 | D:5      | Reached skill level 5 in Armour
  4969 | D:5      | XOM: divination: magic mapping
  4973 | D:5      | XOM: give mutation
  4973 | D:5      | Gained mutation: You are clumsy. (Dex -2) [Xom's mischief]
  5061 | D:5      | Identified the +2 leather armour "Qiotuum" {rElec rF+}
  5216 | D:5      | XOM is BORED!
  5260 | D:5      | XOM: give mutations
  5260 | D:5      | Gained mutation: You sometimes lose the ability to read
                  | scrolls when taking damage. [Xom's mischief]
  5260 | D:5      | Gained mutation: You have sharp toenails. [Xom's mischief]
  5260 | D:5      | Gained mutation: Your body sometimes deteriorates upon
                  | taking damage. [Xom's mischief]
  5455 | D:6      | Reached skill level 8 in Axes
  5455 | D:6      | Reached XP level 8. HP: 70/70 MP: 7/7
  5464 | D:6      | XOM: potion effect (brilliance)
  5698 | D:6      | XOM: cast spell 'Summon Ice Beast'
  5706 | D:6      | Reached skill level 5 in Dodging
  5929 | D:6      | Slain by a gnoll sergeant

Illustrated notes

Levels and vault maps discovered:
D:1:      scummos_arrival_checkerplants, layout_basic, serial_shops, shop
D:2:      layout_loops_ring, serial_shops, shop, kennysheep_small_spiral
D:3:      layout_basic, mainiacjoe_overflow_chevrons, nicolae_ru_path_of_blood,
          kennysheep_generic_room_15
D:4:      layout_loops_cross, kennysheep_mini_moat,
          minmay_temple_entry_overgrown, serial_shops, shop,
          gammafunk_ghost_smash, uniq_grinder, uniq_ijyb
D:5:      layout_basic, overflow_temple_1_default
D:6:      layout_gridville, fedhas_altar_decomposition,
          kennysheep_opposing_triangles, uniq_blork_the_orc

Skill      XL: |  1  2  3  4  5  6  7  8 |
---------------+-------------------------+-----
Axes           | 4 5 6 8 |  8.8
Fighting       | 4 5 6 |  6.6
Armour         | 3 4 5 6 |  6.0
Dodging        | 2 3 4 5 |  5.1

Action                   |  1- 3 |  4- 6 |  7- 9 || total
-------------------------+-------+-------+-------++-------
Melee: Hand axe          |    65 |       |       ||    65
       Headbutt          |    11 |    25 |    12 ||    48
       Punch             |     1 |       |       ||     1
       War axe           |    11 |   154 |    82 ||   247
       Kick              |       |       |    12 ||    12
  Use: Scroll            |     2 |     4 |     5 ||    11
       Potion            |       |     2 |       ||     2
 Stab: Distracted        |       |       |     1 ||     1
Armor: Leather armour    |    27 |    46 |    31 ||   104
Dodge: Dodged            |    47 |    77 |    45 ||   169

Table legend: (Time is in decaauts)
 A = Elapsed time spent in this place.
 B = Non-inter-level travel time spent in this place.
 C = Inter-level travel time spent in this place.
 D = Time resting spent in this place.
 E = Time spent auto-exploring this place.
 F = Levels seen in this place.
 G = Mean time per level.
                   A        B        C        D        E       F      G
               +--------+--------+--------+--------+--------+-----+--------+
         Total |   5983 |   5820 |    163 |   1025 |   3905 |   6 |  997.2 |
       Dungeon |   5983 |   5820 |    163 |   1025 |   3905 |   6 |  997.2 |
               +--------+--------+--------+--------+--------+-----+--------+

Top non-repeatable levels by time:
     D:3: 1525 daAuts
     D:4: 1279 daAuts
     D:2: 1036 daAuts
     D:5: 867 daAuts
     D:1: 724 daAuts
     D:6: 549 daAuts
